[ AOE2 MATCH · #505504789 ]
UnrankedJurchens vs Armenians
Player's team · WIN
Rival team · LOSS
[ REPLAY ANALYSIS · EXTRACTED FROM THE RECORDED GAME ]
Feudal
11:17
Castle
23:26
Imperial
38:05
| APM avg | 33.9 |
| APM peak | 65 |
| eAPM avg | 18.9 |
| Villagers / military | 101 / 42 |
Focus
⚔️ 33.1% · 🌾 66.9%
Unknown (1911) ×32 · Iron Pagoda ×16 · Militia ×10 · Trebuchet (Packed) ×7 · Cavalry Archer ×5 · Scout Cavalry ×4
Feudal
11:15
Castle
21:19
Imperial
38:21
| APM avg | 39.3 |
| APM peak | 68 |
| eAPM avg | 26.7 |
| Villagers / military | 117 / 50 |
Focus
⚔️ 38.6% · 🌾 61.4%
Monk ×27 · Warrior Priest ×11 · Mangonel ×7 · Trebuchet (Packed) ×3 · Battering Ram ×2
Match map
Initial resources + every placement click. Lines = walls · curves = elevation contours. ◆ gold · ⬟ stone · ● berries · ✦ relic · ◌ wall gap
Your base· ✓ Closed at 23:26 · 29t walls · 1 gate(s)
Mycroft's base· ✓ Closed at 21:19 · 44t walls · no gate
Smoothed initial terrain · ◌ = detected wall gap · hover for details
Inputs per minute
— MatzeAoE - - Mycroft
Build order — MatzeAoE
First 150 of 280 actions detected
| 0:01 | Queue | Villager (Male) |
| 0:01 | Queue | Villager (Male) |
| 0:02 | Build | House |
| 0:06 | Build | House |
| 0:19 | Queue | Villager (Male) |
| 0:19 | Queue | Villager (Male) |
| 0:44 | Build | Palisade Wall |
| 0:50 | Build | Palisade Wall |
| 0:51 | Build | Palisade Wall |
| 0:52 | Build | Palisade Wall |
| 1:12 | Build | Palisade Wall |
| 1:29 | Queue | Villager (Male) |
| 1:50 | Queue | Villager (Male) |
| 1:54 | Build | Palisade Wall |
| 2:06 | Build | Palisade Wall |
| 2:07 | Build | Palisade Wall |
| 2:08 | Build | Palisade Wall |
| 2:26 | Queue | Villager (Male) |
| 2:37 | Build | Palisade Wall |
| 2:42 | Build | Palisade Wall |
| 2:43 | Build | Palisade Wall |
| 2:45 | Queue | Villager (Male) |
| 2:54 | Build | Palisade Wall |
| 3:12 | Queue | Villager (Male) |
| 3:28 | Build | House |
| 3:35 | Queue | Villager (Male) |
| 4:11 | Queue | Villager (Male) |
| 4:23 | Queue | Villager (Male) |
| 4:32 | Build | Lumber Camp |
| 4:36 | Queue | Villager (Male) |
| 5:15 | Research | Loom |
| 5:26 | Queue | Villager (Male) |
| 5:33 | Queue | Villager (Male) |
| 5:33 | Queue | Villager (Male) |
| 5:45 | Build | Palisade Wall |
| 6:11 | Build | House |
| 6:22 | Queue | Villager (Male) |
| 6:27 | Queue | Villager (Male) |
| 6:40 | Queue | Villager (Male) |
| 6:47 | Build | Palisade Wall |
| 6:48 | Queue | Villager (Male) |
| 7:37 | Queue | Villager (Male) |
| 7:49 | Queue | Villager (Male) |
| 7:50 | Queue | Villager (Male) |
| 7:50 | Queue | Villager (Male) |
| 7:50 | Queue | Villager (Male) |
| 8:06 | Build | House |
| 8:12 | Build | Barracks |
| 8:38 | Queue | Villager (Male) |
| 9:00 | Build | Mining Camp |
| 9:07 | Research | Feudal Age |
| 9:34 | Build | Mill |
| 9:39 | Queue | Militia |
| 9:39 | Queue | Militia |
| 9:39 | Queue | Militia |
| 9:53 | Build | House |
| 10:06 | Queue | Militia |
| 10:06 | Queue | Militia |
| 10:44 | Queue | Militia |
| 10:57 | Build | House |
| 10:58 | Build | House |
| 11:17 | Age | Feudal Age |
| 11:19 | Research | Man-at-Arms (upgrade) |
| 11:27 | Build | Palisade Wall |
| 11:28 | Build | Palisade Wall |
| 11:32 | Queue | Militia |
| 11:35 | Queue | Villager (Male) |
| 11:37 | Research | Double-Bit Axe |
| 12:00 | Queue | Villager (Male) |
| 12:08 | Queue | Villager (Male) |
| 12:15 | Queue | Villager (Male) |
| 12:16 | Queue | Villager (Male) |
| 12:24 | Queue | Villager (Male) |
| 12:33 | Build | Stable |
| 13:02 | Queue | Scout Cavalry |
| 13:02 | Queue | Scout Cavalry |
| 13:29 | Build | House |
| 13:34 | Build | House |
| 13:45 | Queue | Scout Cavalry |
| 13:59 | Queue | Villager (Male) |
| 14:10 | Queue | Villager (Male) |
| 14:18 | Queue | Villager (Male) |
| 14:23 | Queue | Villager (Male) |
| 14:35 | Build | Lumber Camp |
| 14:52 | Build | Stone Wall |
| 14:57 | Build | Gate |
| 15:08 | Build | Stone Wall |
| 15:13 | Queue | Villager (Male) |
| 15:30 | Build | Lumber Camp |
| 15:47 | Queue | Villager (Male) |
| 16:02 | Research | Arson |
| 16:30 | Build | Farm |
| 16:30 | Build | Farm |
| 16:30 | Build | Farm |
| 16:30 | Build | Farm |
| 16:31 | Build | Farm |
| 16:31 | Build | Farm |
| 16:37 | Build | Farm |
| 16:38 | Build | Farm |
| 16:38 | Build | Farm |
| 16:40 | Build | Farm |
| 16:41 | Build | Farm |
| 16:44 | Queue | Villager (Male) |
| 17:08 | Queue | Villager (Male) |
| 17:12 | Build | Farm |
| 17:13 | Build | Farm |
| 17:14 | Build | Farm |
| 17:15 | Build | Farm |
| 17:16 | Build | Farm |
| 17:17 | Build | Farm |
| 17:39 | Queue | Villager (Male) |
| 17:42 | Build | Farm |
| 17:43 | Build | Farm |
| 17:44 | Build | Farm |
| 17:48 | Build | Farm |
| 17:57 | Queue | Villager (Male) |
| 18:14 | Research | Horse Collar |
| 18:22 | Build | Mill |
| 18:23 | Queue | Villager (Male) |
| 18:46 | Build | Farm |
| 18:51 | Queue | Villager (Male) |
| 18:56 | Build | Market |
| 19:01 | Queue | Villager (Male) |
| 19:30 | Build | Farm |
| 19:37 | Build | Blacksmith |
| 19:39 | Queue | Villager (Male) |
| 19:43 | Queue | Villager (Male) |
| 20:46 | Research | Castle Age |
| 21:12 | Queue | Militia |
| 21:12 | Queue | Militia |
| 21:12 | Queue | Militia |
| 21:53 | Build | Lumber Camp |
| 21:55 | Build | Lumber Camp |
| 22:03 | Queue | Villager (Male) |
| 22:57 | Queue | Villager (Male) |
| 23:03 | Queue | Scout Cavalry |
| 23:26 | Age | Castle Age |
| 23:28 | Queue | Villager (Male) |
| 24:00 | Queue | Villager (Male) |
| 24:03 | Build | Town Center |
| 24:22 | Queue | Villager (Male) |
| 24:25 | Build | Archery Range |
| 24:27 | Build | Archery Range |
| 24:29 | Build | Archery Range |
| 24:32 | Build | Archery Range |
| 24:41 | Research | Bow Saw |
| 24:41 | Research | Bow Saw |
| 24:42 | Build | Archery Range |
| 24:45 | Research | Gold Mining |
| 25:02 | Queue | Villager (Male) |
Build order — Mycroft
First 150 of 331 actions detected
| 0:01 | Queue | Villager (Male) ×4 |
| 0:02 | Build | House |
| 0:03 | Build | House |
| 0:38 | Research | Loom |
| 0:39 | Queue | Villager (Male) ×2 |
| 0:39 | Queue | Villager (Male) ×2 |
| 1:06 | Build | Palisade Wall |
| 1:07 | Build | Palisade Wall |
| 1:11 | Build | Palisade Wall |
| 1:15 | Build | Palisade Wall |
| 1:31 | Build | Mule Cart |
| 1:39 | Build | Palisade Wall |
| 2:13 | Queue | Villager (Male) |
| 2:32 | Build | Palisade Wall |
| 2:34 | Build | Palisade Wall |
| 2:46 | Build | Palisade Wall |
| 2:47 | Queue | Villager (Male) |
| 2:57 | Build | Palisade Wall |
| 3:16 | Queue | Villager (Male) |
| 3:43 | Queue | Villager (Male) |
| 4:16 | Queue | Villager (Male) |
| 4:37 | Build | Palisade Wall |
| 4:47 | Queue | Villager (Male) |
| 5:01 | Build | Palisade Wall |
| 5:05 | Queue | Villager (Male) |
| 5:21 | Queue | Villager (Male) |
| 5:26 | Build | House |
| 5:30 | Queue | Villager (Male) |
| 6:02 | Queue | Villager (Male) |
| 6:12 | Build | Palisade Wall |
| 6:23 | Build | Palisade Wall |
| 6:24 | Queue | Villager (Male) |
| 6:31 | Build | Palisade Wall |
| 6:33 | Queue | Villager (Male) |
| 6:56 | Build | House |
| 7:03 | Queue | Villager (Male) |
| 7:14 | Build | Palisade Wall |
| 7:22 | Build | Palisade Wall |
| 7:23 | Build | Palisade Wall |
| 7:24 | Build | Palisade Wall |
| 7:29 | Build | Mill |
| 7:36 | Queue | Villager (Male) |
| 8:12 | Queue | Villager (Male) |
| 8:37 | Queue | Villager (Male) |
| 9:00 | Research | Feudal Age |
| 9:34 | Build | Mule Cart |
| 10:14 | Queue | Villager (Male) |
| 11:15 | Age | Feudal Age |
| 11:17 | Build | Watch Tower |
| 11:18 | Research | Double-Bit Axe |
| 11:29 | Queue | Villager (Male) |
| 11:45 | Build | House |
| 12:03 | Queue | Villager (Male) |
| 12:07 | Build | Stone Wall |
| 12:08 | Build | Stone Wall |
| 12:09 | Build | Stone Wall |
| 12:11 | Build | Gate |
| 12:14 | Queue | Villager (Male) |
| 12:28 | Build | Stone Wall |
| 12:32 | Queue | Villager (Male) |
| 12:35 | Build | Barracks |
| 12:46 | Queue | Villager (Male) |
| 13:03 | Queue | Villager (Male) |
| 13:07 | Build | Watch Tower |
| 13:14 | Build | Stone Wall |
| 13:15 | Build | Stone Wall |
| 13:37 | Build | Blacksmith |
| 13:41 | Queue | Villager (Male) |
| 13:57 | Build | Farm |
| 14:10 | Build | House |
| 14:12 | Build | Palisade Wall |
| 14:13 | Build | Palisade Wall |
| 14:18 | Build | Palisade Wall |
| 14:22 | Queue | Villager (Male) |
| 14:38 | Build | Stone Wall |
| 14:39 | Build | Stone Wall |
| 14:40 | Build | Stone Wall |
| 14:40 | Build | Stone Wall |
| 14:41 | Build | Stone Wall |
| 14:42 | Queue | Villager (Male) |
| 14:50 | Build | Stone Wall |
| 14:51 | Build | Stone Wall |
| 14:53 | Build | Stone Wall |
| 14:54 | Build | Stone Wall |
| 14:55 | Queue | Villager (Male) |
| 15:00 | Build | Farm |
| 15:01 | Build | Farm |
| 15:04 | Build | Stone Wall |
| 15:05 | Build | Stone Wall |
| 15:16 | Queue | Villager (Male) |
| 15:29 | Queue | Villager (Male) |
| 15:50 | Queue | Villager (Male) |
| 15:54 | Build | Palisade Wall |
| 15:55 | Build | Palisade Wall |
| 15:55 | Build | Palisade Wall |
| 16:09 | Queue | Villager (Male) |
| 16:15 | Build | House |
| 16:25 | Build | Watch Tower |
| 16:28 | Queue | Villager (Male) |
| 17:02 | Queue | Villager (Male) |
| 17:16 | Build | Palisade Wall |
| 17:16 | Build | Palisade Wall |
| 17:28 | Build | Market |
| 17:29 | Queue | Villager (Male) |
| 17:52 | Build | House |
| 18:13 | Build | Mule Cart |
| 18:39 | Research | Castle Age |
| 18:50 | Research | Scale Mail Armor |
| 19:08 | Queue | Villager (Male) |
| 19:28 | Build | Farm |
| 19:29 | Research | Horse Collar |
| 19:43 | Build | Farm |
| 19:49 | Build | Farm |
| 19:53 | Build | Farm |
| 20:23 | Queue | Villager (Male) |
| 20:42 | Research | Forging |
| 20:51 | Build | Farm |
| 20:54 | Build | Farm |
| 21:03 | Queue | Villager (Male) |
| 21:19 | Age | Castle Age |
| 21:20 | Build | Monastery |
| 21:26 | Build | Monastery |
| 21:40 | Queue | Villager (Male) |
| 21:52 | Build | Farm |
| 21:59 | Queue | Villager (Male) |
| 22:02 | Queue | Warrior Priest |
| 22:03 | Queue | Warrior Priest |
| 22:10 | Build | Stone Wall |
| 22:20 | Build | Farm |
| 22:32 | Build | Farm |
| 22:33 | Queue | Warrior Priest |
| 22:36 | Build | Barracks |
| 22:38 | Build | Stone Wall |
| 22:45 | Build | Mill |
| 22:46 | Build | Farm |
| 22:46 | Queue | Villager (Male) |
| 22:48 | Build | House |
| 22:57 | Build | Stone Wall |
| 23:13 | Build | Stone Wall |
| 23:14 | Build | Stone Wall |
| 23:17 | Queue | Warrior Priest |
| 23:21 | Research | Squires |
| 23:24 | Build | Farm |
| 23:25 | Build | Farm |
| 23:26 | Build | Farm |
| 23:40 | Queue | Villager (Male) |
| 23:47 | Queue | Villager (Male) |
| 24:04 | Queue | Warrior Priest |
| 24:15 | Build | Mill |
| 24:15 | Build | Farm |
Match timeline
| 0:44 | MatzeAoE · wall_segment Palisade Wall x4 |
| 0:50 | MatzeAoE · wall_segment Palisade Wall x1 |
| 0:51 | MatzeAoE · wall_segment Palisade Wall x1 |
| 0:52 | MatzeAoE · wall_segment Palisade Wall x1 |
| 1:06 | Mycroft · wall_segment Palisade Wall x2 |
| 1:07 | Mycroft · wall_segment Palisade Wall x1 |
| 1:11 | Mycroft · wall_segment Palisade Wall x1 |
| 1:12 | MatzeAoE · wall_segment Palisade Wall x1 |
| 1:15 | Mycroft · wall_segment Palisade Wall x1 |
| 1:39 | Mycroft · wall_segment Palisade Wall x1 |
| 1:54 | MatzeAoE · wall_segment Palisade Wall x1 |
| 2:06 | MatzeAoE · wall_segment Palisade Wall x1 |
| 2:07 | MatzeAoE · wall_segment Palisade Wall x1 |
| 2:08 | MatzeAoE · wall_segment Palisade Wall x1 |
| 2:32 | Mycroft · wall_segment Palisade Wall x1 |
| 2:34 | Mycroft · wall_segment Palisade Wall x1 |
| 2:37 | MatzeAoE · wall_segment Palisade Wall x1 |
| 2:42 | MatzeAoE · wall_segment Palisade Wall x1 |
| 2:43 | MatzeAoE · wall_segment Palisade Wall x1 |
| 2:46 | Mycroft · wall_segment Palisade Wall x1 |
| 2:54 | MatzeAoE · wall_segment Palisade Wall x1 |
| 2:57 | Mycroft · wall_segment Palisade Wall x1 |
| 4:37 | Mycroft · wall_segment Palisade Wall x1 |
| 5:01 | Mycroft · wall_segment Palisade Wall x1 |
| 5:45 | MatzeAoE · wall_segment Palisade Wall x3 |
| 6:12 | Mycroft · wall_segment Palisade Wall x1 |
| 6:23 | Mycroft · wall_segment Palisade Wall x1 |
| 6:31 | Mycroft · wall_segment Palisade Wall x1 |
| 6:47 | MatzeAoE · wall_segment Palisade Wall x7 |
| 7:14 | Mycroft · wall_segment Palisade Wall x3 |
| 7:22 | Mycroft · wall_segment Palisade Wall x1 |
| 7:23 | Mycroft · wall_segment Palisade Wall x3 |
| 7:24 | Mycroft · wall_segment Palisade Wall x3 |
| 8:12 | MatzeAoE · first_building Barracks |
| 11:15 | Mycroft · age_up feudal |
| 11:17 | MatzeAoE · age_up feudal |
| 11:27 | MatzeAoE · wall_segment Palisade Wall x1 |
| 11:28 | MatzeAoE · wall_segment Palisade Wall x1 |
| 12:07 | Mycroft · wall_segment Stone Wall x1 |
| 12:08 | Mycroft · wall_segment Stone Wall x1 |
| 12:09 | Mycroft · wall_segment Stone Wall x1 |
| 12:28 | Mycroft · wall_segment Stone Wall x1 |
| 12:33 | MatzeAoE · first_building Stable |
| 12:35 | Mycroft · first_building Barracks |
| 13:14 | Mycroft · wall_segment Stone Wall x1 |
| 13:15 | Mycroft · wall_segment Stone Wall x2 |
| 14:12 | Mycroft · wall_segment Palisade Wall x1 |
| 14:13 | Mycroft · wall_segment Palisade Wall x1 |
| 14:18 | Mycroft · wall_segment Palisade Wall x1 |
| 14:38 | Mycroft · wall_segment Stone Wall x1 |
| 14:39 | Mycroft · wall_segment Stone Wall x1 |
| 14:40 | Mycroft · wall_segment Stone Wall x1 |
| 14:40 | Mycroft · wall_segment Stone Wall x1 |
| 14:41 | Mycroft · wall_segment Stone Wall x1 |
| 14:50 | Mycroft · wall_segment Stone Wall x1 |
| 14:51 | Mycroft · wall_segment Stone Wall x1 |
| 14:52 | MatzeAoE · wall_segment Stone Wall x6 |
| 14:53 | Mycroft · wall_segment Stone Wall x1 |
| 14:54 | Mycroft · wall_segment Stone Wall x1 |
| 15:04 | Mycroft · wall_segment Stone Wall x1 |
| 15:05 | Mycroft · wall_segment Stone Wall x1 |
| 15:08 | MatzeAoE · wall_segment Stone Wall x5 |
| 15:54 | Mycroft · wall_segment Palisade Wall x1 |
| 15:55 | Mycroft · wall_segment Palisade Wall x1 |
| 15:55 | Mycroft · wall_segment Palisade Wall x1 |
| 17:16 | Mycroft · wall_segment Palisade Wall x1 |
| 17:16 | Mycroft · wall_segment Palisade Wall x1 |
| 21:19 | Mycroft · age_up castle |
| 21:20 | Mycroft · first_building Monastery |
| 22:10 | Mycroft · wall_segment Stone Wall x1 |
| 22:38 | Mycroft · wall_segment Stone Wall x2 |
| 22:57 | Mycroft · wall_segment Stone Wall x4 |
| 23:13 | Mycroft · wall_segment Stone Wall x1 |
| 23:14 | Mycroft · wall_segment Stone Wall x1 |
| 23:26 | MatzeAoE · age_up castle |
| 24:25 | MatzeAoE · first_building Archery Range |
| 24:33 | Mycroft · wall_segment Stone Wall x1 |
| 24:42 | Mycroft · wall_segment Stone Wall x1 |
| 25:10 | MatzeAoE · first_building Siege Workshop |
| 25:36 | Mycroft · first_market_buy 100 food |
| 27:44 | MatzeAoE · first_market_sell 100 wood |
| 28:47 | Mycroft · first_building Siege Workshop |
| 35:08 | Mycroft · first_market_sell 500 wood |
| 36:20 | MatzeAoE · first_market_buy 100 stone |
| 36:23 | MatzeAoE · first_building Castle |
| 37:04 | Mycroft · first_building Castle |
| 38:05 | MatzeAoE · age_up imperial |
| 38:21 | Mycroft · age_up imperial |
| 42:34 | Mycroft · resign |
[ AI ANALYSIS · 1 CREDIT ]
What really happened in this match?
Wolo.gg analyzes every decision: build order, eco, micro, common mistakes by bracket. Personalized analysis on WhatsApp or Discord in 30 seconds.
Civ guide
Jurchens
Perfil
Jugador #25940851